| TOP OF THE 1ST |
|
University of Arizona Wildcats batting - Pitching for Stanford University Cardinal : RHP Nelson Enriquez
|
|
Pitching: RHP Nelson Enriquez
|
|
|
Batting: RHB Eddy Amaya
|
0-0: Foul Ball, location: 2F 0-1: Called Strike 0-2: Strikes out swinging
|
|
Batting: LHB Jere Paatelainen
|
0-0: Foul Ball, location: 2F 0-1: Ball 1-1: Ground out 6-3 (Groundball, 6, EV 93.8 MPH)
|
|
Batting: LHB Gerald Thornton
|
0-0: Fly out, F9 (Flyball, 89D, EV 83.8 MPH)
|
| Top of the 1st over - 0 runs, 0 hits, 0 errors, 0 left on base; University of Arizona 0 - Stanford University 0 |
| BOTTOM OF THE 1ST |
|
Stanford University Cardinal batting - Pitching for University of Arizona Wildcats : RHP Bernie Rae
|
|
Pitching: RHP Bernie Rae
|
|
|
Batting: RHB John Van der Linden
|
0-0: Ball 1-0: SINGLE (Groundball, P, EV 82.5 MPH) (infield hit)
|
|
Batting: RHB Bobby Orantez
|
0-0: Called Strike 0-1: DOUBLE (Line Drive, 89D, EV 111.9 MPH) John Van der Linden to third
|
|
Batting: LHB Donny Kleinjan
|
0-0: Foul Ball, location: 2F 0-1: Swinging Strike 0-2: Strikes out swinging
|
|
Batting: RHB Joe Petley
|
0-0: Called Strike 0-1: Swinging Strike 0-2: Ball 1-2: Foul Ball, location: 2F 1-2: Strikes out swinging
|
|
Batting: RHB Dzevat Koljevic
|
0-0: Fly out, F7 (Line Drive, 7, EV 90.0 MPH)
|
| Bottom of the 1st over - 0 runs, 2 hits, 0 errors, 2 left on base; University of Arizona 0 - Stanford University 0 |
| TOP OF THE 2ND |
|
University of Arizona Wildcats batting - Pitching for Stanford University Cardinal : RHP Nelson Enriquez
|
|
Batting: RHB Ricardo Fernandez
|
0-0: Ball 1-0: Foul Ball, location: 2F 1-1: Ball 2-1: Fly out, F4 (Popup, 34D, EV 60.0 MPH)
|
|
Batting: RHB Ron Dondale
|
0-0: Ball 1-0: Foul Ball, location: 2F 1-1: Ball 2-1: Ball 3-1: Called Strike 3-2: Base on Balls
|
|
Batting: LHB Pascal Noël
|
0-0: Foul Ball, location: 2F 0-1: Called Strike 0-2: Foul Ball, location: 2F 0-2: Strikes out swinging
|
|
Batting: LHB Lihau Keawe
|
0-0: Ball Ron Dondale steals 2nd base 1-0: Called Strike 1-1: Ball 2-1: Foul Ball, location: 2F 2-2: Ball 3-2: Fly out, F6 (Popup, 15, EV 77.5 MPH)
|
| Top of the 2nd over - 0 runs, 0 hits, 0 errors, 1 left on base; University of Arizona 0 - Stanford University 0 |
| BOTTOM OF THE 2ND |
|
Stanford University Cardinal batting - Pitching for University of Arizona Wildcats : RHP Bernie Rae
|
|
Batting: SHB Philippe Huff
|
0-0: Swinging Strike 0-1: Ball 1-1: Foul Ball, location: 2F 1-2: Ball 2-2: Ball 3-2: Base on Balls
|
|
Batting: RHB Josh Benefield
|
0-0: Called Strike 0-1: Ball 1-1: Foul Ball, location: 2F 1-2: Strikes out looking
|
|
Batting: RHB Mike Gard
|
0-0: Called Strike 0-1: Foul Ball, location: 2F 0-2: Ball 1-2: Ball 2-2: Foul Ball, location: 2F 2-2: Ground out 5-3 (Groundball, 56, EV 105.0 MPH) Philippe Huff to second
|
|
Batting: LHB Mike Keating
|
0-0: Foul Ball, location: 2F 0-1: SINGLE (Groundball, 6MD, EV 108.8 MPH) Philippe Huff to third Runner from 3rd tries for Home, SAFE, throw by CF to home
|
|
Batting: RHB John Van der Linden
|
0-0: Ground out 4-3 (Groundball, 4, EV 78.1 MPH)
|
| Bottom of the 2nd over - 1 run, 1 hit, 0 errors, 1 left on base; University of Arizona 0 - Stanford University 1 |
| TOP OF THE 3RD |
|
University of Arizona Wildcats batting - Pitching for Stanford University Cardinal : RHP Nelson Enriquez
|
|
Batting: RHB Mark Walters
|
0-0: SOLO HOME RUN (Flyball, 7D, EV 109.4 MPH), Distance : 423 ft
|
|
Batting: SHB George Grace
|
0-0: Called Strike 0-1: Fly out, F7 (Flyball, 7S, EV 86.9 MPH)
|
|
Batting: RHB Eddy Amaya
|
0-0: Ball 1-0: Foul Ball, location: 2F 1-1: Foul Ball, location: 2F 1-2: Ball 2-2: Foul Ball, location: 2F 2-2: Strikes out looking
|
|
Batting: LHB Jere Paatelainen
|
0-0: Ball 1-0: Fly out, F7 (Line Drive, 7S, EV 97.5 MPH)
|
| Top of the 3rd over - 1 run, 1 hit, 0 errors, 0 left on base; University of Arizona 1 - Stanford University 1 |
| BOTTOM OF THE 3RD |
|
Stanford University Cardinal batting - Pitching for University of Arizona Wildcats : RHP Bernie Rae
|
|
Batting: RHB Bobby Orantez
|
0-0: Ball 1-0: Ball 2-0: Fly out, F8 (Flyball, 78D, EV 97.5 MPH)
|
|
Batting: LHB Donny Kleinjan
|
0-0: Called Strike 0-1: Ball 1-1: Ball 2-1: Fly out, F8 (Flyball, 8RXD, EV 85.0 MPH)
|
|
Batting: RHB Joe Petley
|
0-0: Called Strike 0-1: Swinging Strike 0-2: Ball 1-2: Strikes out swinging
|
| Bottom of the 3rd over - 0 runs, 0 hits, 0 errors, 0 left on base; University of Arizona 1 - Stanford University 1 |
| TOP OF THE 4TH |
|
University of Arizona Wildcats batting - Pitching for Stanford University Cardinal : RHP Nelson Enriquez
|
|
Batting: LHB Gerald Thornton
|
0-0: Foul Ball, location: 2F 0-1: Swinging Strike 0-2: Strikes out swinging
|
|
Batting: RHB Ricardo Fernandez
|
0-0: Ball 1-0: Ball 2-0: Called Strike 2-1: Ball 3-1: Base on Balls
|
|
Batting: RHB Ron Dondale
|
0-0: Ball 1-0: Ball 2-0: Fielders Choice at 2nd, 6-4 (Groundball, 6, EV 78.8 MPH)
|
|
Batting: LHB Pascal Noël
|
0-0: Swinging Strike 0-1: Fly out, F7 (Flyball, 78M, EV 93.8 MPH)
|
| Top of the 4th over - 0 runs, 0 hits, 0 errors, 1 left on base; University of Arizona 1 - Stanford University 1 |
| BOTTOM OF THE 4TH |
|
Stanford University Cardinal batting - Pitching for University of Arizona Wildcats : RHP Bernie Rae
|
|
Batting: RHB Dzevat Koljevic
|
0-0: Ball 1-0: Swinging Strike 1-1: Foul Ball, location: 2F 1-2: Fly out, F8 (Flyball, 8LD, EV 91.9 MPH)
|
|
Batting: SHB Philippe Huff
|
0-0: Ball 1-0: Called Strike 1-1: Ground out U3 (Groundball, 3, EV 80.6 MPH)
|
|
Batting: RHB Josh Benefield
|
0-0: Swinging Strike 0-1: Swinging Strike 0-2: Ball 1-2: Ball 2-2: Foul Ball, location: 2F 2-2: Ground out 6-3 (Groundball, 6, EV 106.9 MPH)
|
| Bottom of the 4th over - 0 runs, 0 hits, 0 errors, 0 left on base; University of Arizona 1 - Stanford University 1 |
| TOP OF THE 5TH |
|
University of Arizona Wildcats batting - Pitching for Stanford University Cardinal : RHP Nelson Enriquez
|
|
Now at 2B: Erwin Young
|
|
|
Now in RF: Ricky Medina
|
|
|
Batting: LHB Lihau Keawe
|
0-0: Foul Ball, location: 2F 0-1: Called Strike 0-2: Foul Ball, location: 2F 0-2: Ball 1-2: Fly out, F7 (Flyball, 78M, EV 89.4 MPH)
|
|
Batting: RHB Mark Walters
|
0-0: Ball 1-0: Ball 2-0: Ground out 5-3 (Groundball, 5, EV 105.6 MPH)
|
|
Batting: SHB George Grace
|
0-0: Swinging Strike 0-1: Swinging Strike 0-2: Ball 1-2: Strikes out looking
|
| Top of the 5th over - 0 runs, 0 hits, 0 errors, 0 left on base; University of Arizona 1 - Stanford University 1 |
| BOTTOM OF THE 5TH |
|
Stanford University Cardinal batting - Pitching for University of Arizona Wildcats : RHP Bernie Rae
|
|
Now in LF: Kevin Verret
|
|
|
Now in CF: Gerald Thornton
|
|
|
Batting: RHB Mike Gard
|
0-0: Called Strike 0-1: Swinging Strike 0-2: Fly out, F3 (Flyball, 3D, EV 86.2 MPH)
|
|
Batting: LHB Mike Keating
|
0-0: Foul Ball, location: 2F 0-1: Ball 1-1: Ball 2-1: Ground out 4-3 (Groundball, 4, EV 106.2 MPH)
|
|
Batting: RHB Erwin Young
|
0-0: Ball 1-0: Ball 2-0: Swinging Strike 2-1: Called Strike 2-2: Ground out U3 (Groundball, 13, EV 86.9 MPH)
|
| Bottom of the 5th over - 0 runs, 0 hits, 0 errors, 0 left on base; University of Arizona 1 - Stanford University 1 |
| TOP OF THE 6TH |
|
University of Arizona Wildcats batting - Pitching for Stanford University Cardinal : RHP Nelson Enriquez
|
|
Now at 1B: Eric McDonald
|
|
|
Pinch Hitting: SHB Pat Kidd
|
0-0: Called Strike 0-1: Fly out, F7 (Flyball, 7LD, EV 90.0 MPH)
|
|
Batting: LHB Kevin Verret
|
0-0: Ball 1-0: Ball 2-0: Ball 3-0: Base on Balls
|
|
Batting: LHB Gerald Thornton
|
0-0: Ball 1-0: Foul Ball, location: 2F 1-1: Ball 2-1: Foul Ball, location: 2F 2-2: Ball 3-2: Strikes out swinging
|
|
Batting: RHB Ricardo Fernandez
|
0-0: Called Strike Kevin Verret is caught stealing 2nd base 2-4
|
| Top of the 6th over - 0 runs, 0 hits, 0 errors, 0 left on base; University of Arizona 1 - Stanford University 1 |
| BOTTOM OF THE 6TH |
|
Stanford University Cardinal batting - Pitching for University of Arizona Wildcats : RHP Bernie Rae
|
|
Pitching: RHP Chris Galloway
|
|
|
Now at 1B: Pat Kidd
|
|
|
Batting: RHB Bobby Orantez
|
0-0: Ball 1-0: Ball 2-0: Ground out 5-3 (Groundball, 56S, EV 65.0 MPH)
|
|
Batting: RHB Eric McDonald
|
0-0: Called Strike 0-1: Ball 1-1: Swinging Strike 1-2: Foul Ball, location: 2F 1-2: Strikes out swinging
|
|
Batting: LHB Andy Swan
|
0-0: Called Strike 0-1: Foul Ball, location: 2F 0-2: SINGLE (Groundball, 34D, EV 99.4 MPH)
|
|
Batting: RHB Dzevat Koljevic
|
0-0: Called Strike 0-1: Foul Ball, location: 2F 0-2: Strikes out swinging
|
| Bottom of the 6th over - 0 runs, 1 hit, 0 errors, 1 left on base; University of Arizona 1 - Stanford University 1 |
| TOP OF THE 7TH |
|
University of Arizona Wildcats batting - Pitching for Stanford University Cardinal : RHP Nelson Enriquez
|
|
Pitching: RHP Steven Townsend
|
|
|
Batting: RHB Ricardo Fernandez
|
0-0: Called Strike 0-1: Foul Ball, location: 2F 0-2: Foul Ball, location: 2F 0-2: Ball 1-2: Foul Ball, location: 2F 1-2: Ball 2-2: Ground out 6-3 (Groundball, 6, EV 77.5 MPH)
|
|
Batting: RHB Ron Dondale
|
0-0: Ball 1-0: Ground out 6-3 (Groundball, 56, EV 90.6 MPH)
|
|
Batting: LHB Pascal Noël
|
0-0: Ball 1-0: Ball 2-0: Ball 3-0: Called Strike 3-1: Base on Balls
|
|
Batting: LHB Lihau Keawe
|
0-0: Called Strike 0-1: Foul Ball, location: 2F 0-2: SINGLE (Line Drive, 7LS, EV 93.8 MPH) Pascal Noël to second
|
|
Batting: RHB Larry Harlow
|
0-0: Called Strike 0-1: Ball 1-1: Fly out, F7 (Flyball, 7S, EV 81.9 MPH)
|
| Top of the 7th over - 0 runs, 1 hit, 0 errors, 2 left on base; University of Arizona 1 - Stanford University 1 |
| BOTTOM OF THE 7TH |
|
Stanford University Cardinal batting - Pitching for University of Arizona Wildcats : RHP Chris Galloway
|
|
Pitching: RHP Tristen Brown
|
|
|
Batting: SHB Philippe Huff
|
0-0: Foul Ball, location: 2F 0-1: Called Strike 0-2: Foul Ball, location: 2F 0-2: Strikes out swinging
|
|
Batting: RHB Ricky Medina
|
0-0: Called Strike 0-1: Foul Ball, location: 2F 0-2: Ball 1-2: Foul Ball, location: 2F 1-2: Foul Ball, location: 2F 1-2: Fly out, F6 (Popup, 4MS, EV 74.4 MPH)
|
|
Batting: RHB Mike Gard
|
0-0: Ball 1-0: Ball 2-0: Called Strike 2-1: Called Strike 2-2: Ball 3-2: Foul Ball, location: 2F 3-2: Foul Ball, location: 2F 3-2: Foul Ball, location: 2F 3-2: Fly out, F8 (Flyball, 8RM, EV 95.6 MPH)
|
| Bottom of the 7th over - 0 runs, 0 hits, 0 errors, 0 left on base; University of Arizona 1 - Stanford University 1 |
| TOP OF THE 8TH |
|
University of Arizona Wildcats batting - Pitching for Stanford University Cardinal : RHP Steven Townsend
|
|
Pitching: RHP Dante Verduzco
|
|
|
Batting: SHB George Grace
|
0-0: Ball 1-0: Called Strike 1-1: Called Strike 1-2: Ball 2-2: Foul Ball, location: 2F 2-2: Strikes out looking
|
|
Batting: SHB Pat Kidd
|
0-0: Called Strike 0-1: Called Strike 0-2: DOUBLE (Groundball, 3L, EV 103.8 MPH)
|
|
Batting: LHB Kevin Verret
|
0-0: Called Strike 0-1: Foul Ball, location: 2F 0-2: Strikes out looking
|
|
Batting: LHB Gerald Thornton
|
0-0: Foul Ball, location: 2F 0-1: Ball 1-1: TRIPLE (Flyball, 78XD, EV 111.2 MPH) Pat Kidd scores
|
|
Batting: RHB Ricardo Fernandez
|
0-0: Fly out, F7 (Line Drive, 7LM, EV 100.0 MPH)
|
| Top of the 8th over - 1 run, 2 hits, 0 errors, 1 left on base; University of Arizona 2 - Stanford University 1 |
| BOTTOM OF THE 8TH |
|
Stanford University Cardinal batting - Pitching for University of Arizona Wildcats : RHP Tristen Brown
|
|
Pitching: LHP Victor Silva
|
|
|
Batting: LHB Mike Keating
|
0-0: Foul Ball, location: 2F 0-1: Fly out, F8 (Flyball, 8LD, EV 100.0 MPH)
|
|
Batting: RHB Erwin Young
|
0-0: Foul Ball, location: 2F 0-1: Ball 1-1: Ball 2-1: Foul Ball, location: 2F 2-2: Ball 3-2: Base on Balls
|
|
Batting: RHB Bobby Orantez
|
0-0: Called Strike 0-1: Ball 1-1: SINGLE (Line Drive, 8RS, EV 91.9 MPH) Erwin Young to second
|
|
Batting: RHB Eric McDonald
|
0-0: Ball 1-0: Foul Ball, location: 2F 1-1: Grounds into double play, 5-4-3 (Groundball, 56, EV 91.9 MPH)
|
| Bottom of the 8th over - 0 runs, 1 hit, 0 errors, 1 left on base; University of Arizona 2 - Stanford University 1 |
| TOP OF THE 9TH |
|
University of Arizona Wildcats batting - Pitching for Stanford University Cardinal : RHP Dante Verduzco
|
|
Pitching: LHP Larry Steen
|
|
|
Batting: RHB Ron Dondale
|
0-0: Ball 1-0: Fly out, F4 (Popup, 4S, EV 75.0 MPH)
|
|
Batting: LHB Pascal Noël
|
0-0: Called Strike 0-1: Swinging Strike 0-2: Ground out U3 (Groundball, 3L, EV 88.8 MPH)
|
|
Batting: LHB Lihau Keawe
|
0-0: Called Strike 0-1: Called Strike 0-2: Ball 1-2: Foul Ball, location: 2F 1-2: Foul Ball, location: 2F 1-2: Ground out U3 (Groundball, 3, EV 85.6 MPH)
|
| Top of the 9th over - 0 runs, 0 hits, 0 errors, 0 left on base; University of Arizona 2 - Stanford University 1 |
| BOTTOM OF THE 9TH |
|
Stanford University Cardinal batting - Pitching for University of Arizona Wildcats : LHP Victor Silva
|
|
Pitching: RHP Carlos Maravilla
|
|
|
Batting: LHB Andy Swan
|
0-0: Ground out U3 (Groundball, 3, EV 103.8 MPH)
|
|
Batting: RHB Dzevat Koljevic
|
0-0: Fly out, F7 (Flyball, 7, EV 95.0 MPH)
|
|
Batting: SHB Philippe Huff
|
0-0: Ball 1-0: Called Strike 1-1: Foul Ball, location: 2F 1-2: Ground out 6-3 (Groundball, 56, EV 100.0 MPH)
|
| Bottom of the 9th over - 0 runs, 0 hits, 0 errors, 0 left on base; University of Arizona 2 - Stanford University 1 |
|